[Event "January 2 Early 2024"]
[Site "https://www.chess.com"]
[Date "2024.01.02"]
[Round "7"]
[White "Materia, Marco"]
[Black "Sipila, Vilka"]
[Result "1/2-1/2"]
[Board "30"]
[TimeControl "180+1"]
[WhiteFideId "45150451"]
[BlackFideId "505455"]
[WhiteElo "2839"]
[BlackElo "2654"]
[WhiteTeam "FRA"]
[BlackTeam "FIN"]
[WhiteClock "0:00:11"]
[BlackClock "0:00:02"]

1. Nf3 f5 2. g3 Nf6 3. Bg2 g6 4. O-O Bg7 5. d3 O-O 6. Nbd2 d6 7. e4 e5 8. c3 f4 9. gxf4 Nh5 10. Nc4 Nxf4 11. Bxf4 Rxf4 12. Ne3 Nd7 13. Nd5 Rf7 14. d4 c6 15. Ne3 Qe7 16. Qb3 h6 17. Rad1 Nf6 18. Nd2 Be6 19. Qa3 Nh5 20. Ndc4 exd4 21. cxd4 Rd8 22. d5 cxd5 23. Nxd5 Bxd5 24. exd5 Nf4 25. Rfe1 Qg5 26. Qg3 Qh5 27. Bf3 Qf5 28. Bg4 Qf6 29. Be6 b5 30. Bxf7+ Qxf7 31. Na5 Bxb2 32. Nc6 Rf8 33. Re7 Qf6 34. Rde1 Be5 35. R7xe5 dxe5 36. Nxe5 g5 37. Nd7 Nh3+ 38. Kg2 Qxf2+ 39. Qxf2 Rxf2+ 40. Kxh3 Rd2 41. Re7 h5 42. Kg3 a5 43. Nf6+ Kf8 44. Rb7 b4 45. Nxh5 Rxd5 46. Nf6 Rd2 47. Rb5 Rxa2 48. Rxg5 b3 49. Rb5 a4 50. Nd5 b2 51. Kg4 a3 52. Rb3 Ra1 53. Nc3 Rc1 54. Nb5 b1=Q 55. Rxb1 Rxb1 56. Nxa3 Rb4+ 57. Kf5 Kg7 58. Nc2 Rh4 59. Ne3 Rxh2 60. Ke4 Rh4+ 61. Ke5 Ra4 62. Nf5+ Kg6 63. Ne7+ Kg5 64. Nd5 Ra5 65. Kd4 Kf5 66. Ne3+ Ke6 67. Nc4 Rh5 68. Ke4 Rh4+ 69. Kd3 Kd5 70. Ne3+ Kc5 71. Nf5 Rf4 72. Ne3 Rd4+ 73. Ke2 Re4 74. Kf3 Re8 75. Nf5 Kd5 76. Kf4 Re4+ 77. Kg5 Ke5 78. Nh6 Re1 79. Ng4+ Ke4 80. Kf6 Kf4 81. Nh6 Ra1 82. Nf7 Ra6+ 83. Ke7 Ra7+ 84. Ke6 Ra6+ 85. Ke7 Ke4 86. Kd7 Kd5 87. Ke7 Re6+ 88. Kd7 Re1 89. Nd6 Rh1 90. Nf7 Re1 91. Nd6 Ra1 92. Nb7 Ra7 93. Kc7 Ra6 94. Kd7 Rh6 95. Nd8 Rh7+ 96. Ke8 Kd6 97. Nf7+ Kd5 98. Ke7 Rxf7+ 99. Kxf7 1/2-1/2

[Event "January 2 Early 2024"]
[Site "https://www.chess.com"]
[Date "2024.01.02"]
[Round "7"]
[White "Martinez Alcantara, Jose Eduardo"]
[Black "Aldokhin, Ivan"]
[Result "1-0"]
[Board "31"]
[TimeControl "180+1"]
[WhiteFideId "3805662"]
[BlackFideId "24115720"]
[WhiteElo "3048"]
[BlackElo "2675"]
[WhiteTeam "PER"]
[BlackTeam "RUS"]
[WhiteClock "0:01:19"]
[BlackClock "0:00:17"]

1. e4 c5 2. Nf3 e6 3. c3 Nf6 4. Bd3 d5 5. e5 Nfd7 6. Bc2 Nc6 7. d4 Be7 8. O-O a5 9. a4 cxd4 10. cxd4 Nb4 11. Nc3 Nxc2 12. Qxc2 O-O 13. Nb5 b6 14. Qd3 Ba6 15. g3 Rc8 16. h4 h6 17. Bf4 Nb8 18. Qe3 Nc6 19. Bxh6 gxh6 20. Qxh6 Qe8 21. Ng5 Bxg5 22. hxg5 Bxb5 23. Kg2 Bxf1+ 24. Rxf1 f6 25. Rh1 fxg5 26. Qh7# 1-0

[Event "January 2 Early 2024"]
[Site "https://www.chess.com"]
[Date "2024.01.02"]
[Round "7"]
[White "Gullaksen, Eirik"]
[Black "Fedoseev, Vladimir"]
[Result "0-1"]
[Board "32"]
[TimeControl "180+1"]
[WhiteFideId "1500945"]
[BlackFideId "24130737"]
[WhiteElo "2672"]
[BlackElo "3015"]
[WhiteTeam "NOR"]
[BlackTeam "SLO"]
[WhiteClock "0:00:00"]
[BlackClock "0:00:54"]

1. e4 Nc6 2. Nf3 d6 3. d4 a6 4. Nc3 Bg4 5. Be3 e6 6. Be2 d5 7. e5 Bb4 8. a3 Bxc3+ 9. bxc3 Na5 10. h3 Bxf3 11. Bxf3 Qd7 12. O-O Qc6 13. Bd2 Ne7 14. Be2 Nc4 15. f4 Nf5 16. Rf3 h5 17. Bd3 h4 18. Be1 Kd7 19. Bf2 Rh6 20. a4 b6 21. Qe2 Rah8 22. Be1 Kc8 23. Bf2 Kb7 24. Be1 Ka7 25. Bf2 Rh5 26. Kh2 a5 27. Ra2 g6 28. Qe1 Ne7 29. Qe2 Kb7 30. Be1 Kc8 31. Rf1 Kd7 32. Bf2 Nf5 33. Rb1 Ke7 34. Rb5 Kf8 35. Ra1 Ne7 36. Be1 Ke8 37. Bf2 Kd7 38. Be1 Rf5 39. Qg4 Rfh5 40. Qf3 Nc8 41. Bf2 Na7 42. Rbb1 Nd2 43. Qe2 Nxb1 44. Rxb1 Qxc3 0-1

[Event "January 2 Early 2024"]
[Site "https://www.chess.com"]
[Date "2024.01.02"]
[Round "7"]
[White "Vlassov, Nikolai"]
[Black "Vokhidov, Shamsiddin"]
[Result "0-1"]
[Board "33"]
[TimeControl "180+1"]
[WhiteFideId "4103360"]
[BlackFideId "14204223"]
[WhiteElo "2672"]
[BlackElo "2972"]
[WhiteTeam "FID"]
[BlackTeam "UZB"]
[WhiteClock "0:01:42"]
[BlackClock "0:02:24"]

1. e4 c5 2. c3 e6 3. d4 d5 4. e5 Nc6 5. Nf3 Nge7 6. a3 Ng6 7. b4 cxd4 8. cxd4 f6 9. Bd3 fxe5 10. Bxg6+ hxg6 11. dxe5 Bd7 12. Bg5 Be7 13. Qd3 O-O 14. Qxg6 Rxf3 15. gxf3 Bxg5 16. Rg1 Nxe5 17. Qh5 Qf6 18. Rg3 Nd3+ 19. Kf1 Qxa1 20. Qxg5 Qxb1+ 21. Kg2 Ne1+ 22. Kh3 Qh7+ 0-1

[Event "January 2 Early 2024"]
[Site "https://www.chess.com"]
[Date "2024.01.02"]
[Round "7"]
[White "Domingo Nunez, Alejandro"]
[Black "Rasulov, Vugar"]
[Result "0-1"]
[Board "34"]
[TimeControl "180+1"]
[WhiteFideId "22245561"]
[BlackFideId "13402390"]
[WhiteElo "2669"]
[BlackElo "2964"]
[WhiteTeam "ESP"]
[BlackTeam "AZE"]
[WhiteClock "0:00:34"]
[BlackClock "0:01:33"]

1. Nf3 Nf6 2. g3 b6 3. Bg2 Bb7 4. O-O g6 5. d4 Bg7 6. c4 O-O 7. d5 e6 8. Nc3 Na6 9. e4 exd5 10. e5 Ne4 11. Nxd5 d6 12. Re1 c6 13. Rxe4 cxd5 14. Bg5 dxe4 15. Bxd8 exf3 16. Be7 fxg2 17. exd6 Rfd8 18. Bxd8 Rxd8 19. d7 Nc5 20. Qd6 Rxd7 21. Qb8+ Bf8 22. Re1 Bf3 23. b4 Ne6 24. a4 Ng5 0-1

[Event "January 2 Early 2024"]
[Site "https://www.chess.com"]
[Date "2024.01.02"]
[Round "7"]
[White "Makhnev, Denis"]
[Black "Skliarov, Viktor"]
[Result "1-0"]
[Board "35"]
[TimeControl "180+1"]
[WhiteFideId "13707647"]
[BlackFideId "14106736"]
[WhiteElo "2918"]
[BlackElo "2667"]
[WhiteTeam "KAZ"]
[BlackTeam "UKR"]
[WhiteClock "0:00:06"]
[BlackClock "0:00:07"]

1. d4 Nf6 2. c4 e6 3. Nc3 Bb4 4. e3 b6 5. Ne2 Ne4 6. Qc2 Bb7 7. a3 Bxc3+ 8. Nxc3 Nxc3 9. Qxc3 O-O 10. b4 d6 11. Bb2 a5 12. b5 Nd7 13. Bd3 f5 14. O-O-O Bxg2 15. Rhg1 Bf3 16. Rde1 Qh4 17. Rg3 Be4 18. Be2 f4 19. exf4 Qxf4+ 20. Re3 d5 21. f3 Bf5 22. cxd5 exd5 23. Bd1 Rae8 24. Bb3 Nf6 25. Qd2 Rxe3 26. Rxe3 h5 27. a4 Kh7 28. Ba3 Rf7 29. Be7 Bg6 30. h4 Qxh4 31. Re5 Qh1+ 32. Bd1 Ng8 33. Bd8 Nh6 34. Kb2 h4 35. Re1 Qh3 36. Bg5 Qf5 37. Bxh4 Qb1+ 38. Ka3 Qa1+ 39. Kb3 Qb1+ 40. Qb2 Qxb2+ 41. Kxb2 Nf5 42. Bf2 Nd6 43. Bg3 Nc4+ 44. Kc3 Bh5 45. Rf1 Kg6 46. Be2 Nd6 47. Be5 Kf5 48. Bd3+ Ke6 49. Be2 g5 50. Bd1 g4 51. f4 g3 52. Bxh5 Rf5 53. Bg4 Ne4+ 54. Kd3 g2 55. Bxf5+ Kxf5 56. Rg1 Nf2+ 57. Ke2 Nh3 58. Rxg2 Nxf4+ 59. Bxf4 Kxf4 60. Rg7 1-0

[Event "January 2 Early 2024"]
[Site "https://www.chess.com"]
[Date "2024.01.02"]
[Round "7"]
[White "Aravindh, Chithambaram VR."]
[Black "Iskusnyh, Sergei"]
[Result "1-0"]
[Board "36"]
[TimeControl "180+1"]
[WhiteFideId "5072786"]
[BlackFideId "4120027"]
[WhiteElo "2913"]
[BlackElo "2663"]
[WhiteTeam "IND"]
[BlackTeam "RUS"]
[WhiteClock "0:01:04"]
[BlackClock "0:00:00"]

1. b3 d5 2. Bb2 Bf5 3. Nf3 e6 4. d3 h6 5. Nbd2 Nf6 6. g3 a5 7. a3 a4 8. Bg2 axb3 9. cxb3 Be7 10. O-O O-O 11. b4 Nbd7 12. Ne5 Nxe5 13. Bxe5 Nd7 14. Bb2 Bf6 15. Bxf6 Nxf6 16. e4 Bg6 17. Qe2 dxe4 18. dxe4 e5 19. Nc4 Qe7 20. Rfd1 Rfd8 21. h3 Bh5 22. Bf3 Bxf3 23. Qxf3 Qe6 24. Qe2 Qxh3 25. Rxd8+ Rxd8 26. Nxe5 Re8 27. Nf3 Rxe4 28. Qd3 Qf5 29. Rd1 g5 30. Kg2 c6 31. Nd2 Re5 32. Qxf5 Rxf5 33. Nc4 b5 34. Ne3 Re5 35. Rc1 Re6 36. Nf5 Nd5 37. Nd4 Re4 38. Nxc6 g4 39. Na7 Re2 40. Nxb5 Ra2 41. Nc3 Nxc3 42. Rxc3 Kg7 43. Rb3 1-0

[Event "January 2 Early 2024"]
[Site "https://www.chess.com"]
[Date "2024.01.02"]
[Round "7"]
[White "Bjerre, Jonas Buhl"]
[Black "Tanriverdi, Enes"]
[Result "0-1"]
[Board "37"]
[TimeControl "180+1"]
[WhiteFideId "1444948"]
[BlackFideId "34543279"]
[WhiteElo "2885"]
[BlackElo "2658"]
[WhiteTeam "DEN"]
[BlackTeam "TUR"]
[WhiteClock "0:00:30"]
[BlackClock "0:00:31"]

1. Nf3 Nf6 2. c4 g6 3. Nc3 Bg7 4. e4 O-O 5. d4 d6 6. Be2 Nc6 7. O-O e5 8. dxe5 dxe5 9. Bg5 Be6 10. Nd5 Re8 11. Qb3 Rb8 12. Rfd1 Bxd5 13. cxd5 Nd4 14. Nxd4 exd4 15. Bd3 h6 16. Bxf6 Qxf6 17. Rac1 Qd6 18. Qa4 a6 19. g3 g5 20. Rc2 Be5 21. Rdc1 Re7 22. b4 Kg7 23. b5 axb5 24. Qxb5 h5 25. Kg2 g4 26. Be2 Qg6 27. Qd3 Rh8 28. h4 gxh3+ 29. Kh1 h4 30. f4 Bxf4 31. Rf1 hxg3 0-1

[Event "January 2 Early 2024"]
[Site "https://www.chess.com"]
[Date "2024.01.02"]
[Round "7"]
[White "Feuerstack, Aljoscha"]
[Black "Maksimovic, Bojan"]
[Result "0-1"]
[Board "38"]
[TimeControl "180+1"]
[WhiteFideId "4681932"]
[BlackFideId "14408120"]
[WhiteElo "2657"]
[BlackElo "2868"]
[WhiteTeam "GER"]
[BlackTeam "BIH"]
[WhiteClock "0:00:00"]
[BlackClock "0:00:04"]

1. e4 a6 2. d4 e6 3. Nf3 d5 4. Nbd2 c5 5. c3 cxd4 6. cxd4 Nc6 7. Bd3 dxe4 8. Nxe4 Be7 9. O-O Nf6 10. a3 O-O 11. Re1 b6 12. Nxf6+ Bxf6 13. Qc2 Bb7 14. Bxh7+ Kh8 15. Be4 Rc8 16. Qe2 Nxd4 17. Nxd4 Bxe4 18. Nxe6 fxe6 19. Qxe4 Qd5 20. Qe2 b5 21. Be3 Qb3 22. Qh5+ Kg8 23. Qg4 Rc2 24. Rad1 Rxb2 25. h4 Qc4 26. Bd4 Rxf2 27. Kxf2 Bxd4+ 28. Kg3 Bf2+ 29. Kh3 Qxg4+ 30. Kxg4 Bxe1 31. Rxe1 Rf6 32. Rc1 e5 33. Rc5 Rf4+ 34. Kg5 Ra4 35. g4 Kf7 36. Rc7+ Kf8 37. h5 e4 38. Rc8+ Kf7 39. Rc7+ Ke6 40. Rxg7 e3 41. Rg8 Kf7 42. Rc8 e2 43. Rc1 Rxa3 44. Re1 Re3 45. Kf4 Re8 46. g5 b4 47. Kf5 b3 48. h6 b2 49. g6+ Kg8 50. Kf6 b1=Q 51. h7+ Kh8 52. Rxb1 e1=Q 0-1

[Event "January 2 Early 2024"]
[Site "https://www.chess.com"]
[Date "2024.01.02"]
[Round "7"]
[White "Timerkhanov, Alexander"]
[Black "Durarbayli, Vasif"]
[Result "0-1"]
[Board "39"]
[TimeControl "180+1"]
[WhiteFideId "24177938"]
[BlackFideId "13402935"]
[WhiteElo "2650"]
[BlackElo "2848"]
[WhiteTeam "RUS"]
[BlackTeam "AZE"]
[WhiteClock "0:00:24"]
[BlackClock "0:00:50"]

1. d4 Nf6 2. Bg5 d5 3. Nd2 Nbd7 4. Ngf3 h6 5. Bxf6 Nxf6 6. e3 Bf5 7. Ne5 e6 8. g4 Bh7 9. h4 Nd7 10. Nxd7 Qxd7 11. f4 c5 12. c3 c4 13. Bg2 Be7 14. g5 Bd3 15. Qf3 Qb5 16. b4 Bxb4 17. cxb4 Qxb4 18. Qf2 a5 19. Bf1 Qb2 20. Rd1 Bc2 21. Nb1 Qb4+ 22. Qd2 Bxd1 23. Qxb4 axb4 24. Kxd1 Rxa2 25. gxh6 Rxh6 26. Be2 Rg6 0-1

[Event "January 2 Early 2024"]
[Site "https://www.chess.com"]
[Date "2024.01.02"]
[Round "7"]
[White "Cordoba Roa, Angel Gabriel"]
[Black "Finek, Vaclav"]
[Result "1-0"]
[Board "40"]
[TimeControl "180+1"]
[WhiteFideId "3957624"]
[BlackFideId "23718293"]
[WhiteElo "2650"]
[BlackElo "2846"]
[WhiteTeam "COL"]
[BlackTeam "CZE"]
[WhiteClock "0:00:44"]
[BlackClock "0:00:12"]

1. e4 c5 2. Nf3 g6 3. d4 cxd4 4. Nxd4 Bg7 5. c4 Nc6 6. Be3 Nf6 7. Nc3 O-O 8. Be2 d6 9. h3 Bd7 10. O-O Nxd4 11. Bxd4 Bc6 12. Qc2 a5 13. Rad1 a4 14. c5 Qa5 15. cxd6 exd6 16. a3 Rfe8 17. Bf3 Re6 18. Nd5 Bxd5 19. exd5 Re7 20. Bc3 Qb5 21. Rd4 h5 22. Rb4 Qa6 23. Rd1 Nd7 24. Bxg7 Kxg7 25. Qc7 Rae8 26. Qxb7 Qa5 27. Qc6 Ne5 28. Qxd6 Nxf3+ 29. gxf3 Re1+ 30. Rxe1 Rxe1+ 31. Kg2 Re2 32. Qc6 Qd8 33. Qc4 Qg5+ 34. Kf1 Re8 35. Rxa4 Qf5 36. Kg2 Qg5+ 37. Kh2 Re1 38. Qc3+ Qe5+ 39. Qxe5+ Rxe5 40. Rd4 Kf8 41. d6 Ke8 42. b4 Kd7 43. a4 Re2 44. Kg3 g5 45. h4 gxh4+ 46. Kxh4 Rxf2 47. f4 Ra2 48. Kxh5 Rxa4 49. Kg5 Ra8 50. Kf6 Rf8 51. Kg7 Rb8 52. Kxf7 Rb5 53. Kf6 Rb8 54. f5 Rf8+ 55. Kg6 Rg8+ 56. Kf7 Rg1 57. f6 Rf1 58. b5 Rb1 59. Rd5 Rf1 60. Kg6 Rg1+ 61. Rg5 Rf1 62. f7 Kxd6 63. Rf5 Rg1+ 64. Kh5 Rh1+ 65. Kg4 Rg1+ 66. Kh3 Rh1+ 67. Kg2 Rh8 68. f8=Q+ Rxf8 69. Rxf8 Kc5 70. Rf5+ Kb6 71. Kf2 Ka5 72. Ke3 Kb6 73. Kd4 Ka5 1-0

[Event "January 2 Early 2024"]
[Site "https://www.chess.com"]
[Date "2024.01.02"]
[Round "7"]
[White "Tregubov, Pavel V."]
[Black "Bryakin, Mikhail"]
[Result "0-1"]
[Board "41"]
[TimeControl "180+1"]
[WhiteFideId "4115341"]
[BlackFideId "4165314"]
[WhiteElo "2643"]
[BlackElo "2836"]
[WhiteTeam "FRA"]
[BlackTeam "SRB"]
[WhiteClock "0:00:00"]
[BlackClock "0:00:39"]

1. e4 d5 2. exd5 Qxd5 3. Nc3 Qe5+ 4. Be2 Bg4 5. d4 Bxe2 6. Ngxe2 Qa5 7. O-O Nf6 8. Bd2 Nc6 9. Ne4 Qf5 10. N2g3 Qd7 11. Be3 O-O-O 12. c3 Nxe4 13. Nxe4 Qf5 14. Ng3 Qg6 15. Qa4 e6 16. b4 a6 17. b5 axb5 18. Qxb5 Rd5 19. Qa4 Ra5 20. Qb3 Qd3 21. Rfd1 Qb5 22. Qc2 Bd6 23. c4 Qa4 24. Qe2 Rd8 25. Ne4 Bb4 26. c5 Qb5 27. Qf3 f6 28. Qh3 Qc4 29. Qxh7 Qd5 30. a3 Bxa3 31. Nc3 Qc4 32. Nb1 Bb2 33. Rxa5 Nxa5 34. Nd2 Qe2 35. Rb1 Bxd4 36. Bxd4 Qxd2 0-1

[Event "January 2 Early 2024"]
[Site "https://www.chess.com"]
[Date "2024.01.02"]
[Round "7"]
[White "Ilamparthi A R"]
[Black "Volkov, Maksim"]
[Result "1/2-1/2"]
[Board "42"]
[TimeControl "180+1"]
[WhiteFideId "45015775"]
[BlackFideId "54123070"]
[WhiteElo "2831"]
[BlackElo "2647"]
[WhiteTeam "IND"]
[BlackTeam "RUS"]
[WhiteClock "0:00:09"]
[BlackClock "0:00:07"]

1. d4 d5 2. Bf4 h5 3. Nf3 Nf6 4. e3 Nc6 5. Be2 Bf5 6. O-O e6 7. c4 Ne4 8. Nc3 g5 9. Nxe4 gxf4 10. Nc3 fxe3 11. fxe3 Bh6 12. cxd5 Bxe3+ 13. Kh1 exd5 14. Bb5 Bf4 15. Ne5 Bxe5 16. Rxf5 Bd6 17. Nxd5 Qh4 18. Qe2+ Kd8 19. g3 Qxd4 20. Rd1 Qg4 21. Qxg4 hxg4 22. Rxf7 Ne5 23. Rg7 Nf3 24. h4 Kc8 25. Bd7+ Kb8 26. Bxg4 Ne5 27. Kg2 a5 28. Rc1 Ra6 29. Nxc7 Rb6 30. b3 Bxc7 31. Rcxc7 Nxg4 32. Rc5 Nf6 33. Rxa5 Rc6 34. Rb5 b6 35. a4 Ne8 36. Re7 Nd6 37. Rb4 Rg8 38. a5 Nf5 39. Rf7 Nxg3 40. Rxb6+ Rxb6 41. axb6 Nf5+ 42. Kh3 Nd6 43. Re7 Nf5 44. Rf7 Nd6 45. Rf6 Ne4 46. Rf4 Nc5 47. h5 Nxb3 48. Kh4 Nc5 49. h6 Ne6 50. Rf7 Rh8 51. Kh5 Kc8 52. h7 Nf8 53. Kh6 Rxh7+ 54. Rxh7 Nxh7 55. b7+ Kxb7 1/2-1/2

[Event "January 2 Early 2024"]
[Site "https://www.chess.com"]
[Date "2024.01.02"]
[Round "7"]
[White "Boruchovsky, Avital"]
[Black "Domingo Nunez, Ruben"]
[Result "1-0"]
[Board "43"]
[TimeControl "180+1"]
[WhiteFideId "2800055"]
[BlackFideId "22245570"]
[WhiteElo "2825"]
[BlackElo "2633"]
[WhiteTeam "ISR"]
[BlackTeam "ESP"]
[WhiteClock "0:00:18"]
[BlackClock "0:00:00"]

1. c4 g6 2. Nc3 Bg7 3. d4 d6 4. g3 Nf6 5. Bg2 O-O 6. Nf3 Nbd7 7. O-O c5 8. b3 a6 9. Bb2 Rb8 10. a4 b6 11. d5 Ne8 12. Qc2 Nc7 13. e4 b5 14. cxb5 axb5 15. a5 Ba6 16. Rfe1 b4 17. Na4 f6 18. Nd2 Nb5 19. Nc4 Ne5 20. f4 Nxc4 21. Qxc4 Nc7 22. Qc2 Ra8 23. Nb6 Ra7 24. Bf1 Bxf1 25. Kxf1 Qe8 26. Kg2 Qb5 27. Nc4 Rfa8 28. Rad1 Qb7 29. Qd3 Nb5 30. e5 dxe5 31. fxe5 Rd8 32. exf6 Bxf6 33. Bxf6 exf6 34. Qf3 Nd4 35. Rxd4 cxd4 36. Nb6 Rxa5 37. Qxf6 Rf8 38. Qxd4 Ra2+ 39. Kg1 Qf7 40. d6 Qf3 41. Qd5+ Qxd5 42. Nxd5 Rd2 43. Re5 Rd8 44. d7 Kg7 45. Re7+ Kh6 46. Nf6 Kg5 47. Ne4+ 1-0

[Event "January 2 Early 2024"]
[Site "https://www.chess.com"]
[Date "2024.01.02"]
[Round "7"]
[White "Manukyan, Sargis A."]
[Black "Molina, Roberto Junio Brito"]
[Result "1/2-1/2"]
[Board "44"]
[TimeControl "180+1"]
[WhiteFideId "13303970"]
[BlackFideId "2109450"]
[WhiteElo "2638"]
[BlackElo "2805"]
[WhiteTeam "ARM"]
[BlackTeam "BRA"]
[WhiteClock "0:00:53"]
[BlackClock "0:00:22"]

1. d4 d5 2. c4 c6 3. Nc3 Nf6 4. e3 a6 5. Nf3 Bf5 6. Bd3 Bxd3 7. Qxd3 e6 8. O-O Nbd7 9. e4 dxe4 10. Nxe4 Be7 11. b3 O-O 12. Bb2 Nxe4 13. Qxe4 Bf6 14. Rad1 Re8 15. h3 a5 16. a4 Qb6 17. Qc2 Rac8 18. Rfe1 Qc7 19. Bc3 b5 20. Qd2 b4 21. Ba1 Rcd8 22. Qe3 h6 23. g4 Nf8 24. Kg2 Ng6 25. Qe4 Re7 26. Ne5 Bxe5 27. dxe5 Red7 28. Rxd7 Qxd7 29. Qe3 Qd2 30. Qxd2 Rxd2 31. Kf3 Kf8 32. Ke3 Ra2 33. Bd4 Ke8 34. Rb1 c5 35. Bxc5 Nxe5 36. Bb6 Nc6 37. Rd1 Rb2 38. Rd3 f5 39. gxf5 exf5 40. f4 g5 41. fxg5 hxg5 42. Bc7 Ke7 43. c5 Rc2 44. Rd5 Rc3+ 45. Rd3 Ke6 46. Rxc3 bxc3 47. Kd3 Kd5 48. Kxc3 Kxc5 49. Bxa5 Nxa5 50. b4+ Kd5 51. bxa5 g4 52. hxg4 fxg4 53. Kd3 Kc6 54. Ke4 Kb7 55. Kf4 Ka6 56. Kxg4 Kxa5 57. Kf4 Kxa4 1/2-1/2

[Event "January 2 Early 2024"]
[Site "https://www.chess.com"]
[Date "2024.01.02"]
[Round "7"]
[White "De Winter, Arthur"]
[Black "Al-Tarboush, Ward"]
[Result "1/2-1/2"]
[Board "45"]
[TimeControl "180+1"]
[WhiteFideId "1069020"]
[BlackFideId "7601450"]
[WhiteElo "2803"]
[BlackElo "2630"]
[WhiteTeam "NED"]
[BlackTeam "NOR"]
[WhiteClock "0:00:41"]
[BlackClock "0:00:09"]

1. e4 e6 2. d4 d5 3. Nc3 Nf6 4. Bg5 dxe4 5. Nxe4 Be7 6. Bxf6 gxf6 7. Nf3 f5 8. Nc3 a6 9. g3 b5 10. Bg2 Bb7 11. O-O O-O 12. Qe2 b4 13. Nd1 Nd7 14. Ne3 Nf6 15. Rad1 Be4 16. Ne5 a5 17. Rfe1 Bd6 18. N3c4 Bxg2 19. Kxg2 Nd5 20. Qf3 Qg5 21. h4 Qg7 22. Ne3 Bxe5 23. dxe5 c6 24. Nc4 Kh8 25. a3 Rg8 26. axb4 axb4 27. Ra1 f4 28. Rxa8 Rxa8 29. Kh2 h6 30. gxf4 Rg8 31. Ne3 Qg6 32. f5 exf5 33. Qxf5 Qg7 34. Qe4 Nxe3 35. Rxe3 Qg1+ 36. Kh3 Qf1+ 37. Kh2 Qxf2+ 38. Kh3 Qf1+ 39. Kh2 Qg1+ 40. Kh3 c5 41. Qf3 Qg6 42. Qf6+ Qxf6 43. exf6 Rg6 44. Re5 Rxf6 45. Rxc5 Rf2 46. Rc4 b3 47. cxb3 Rxb2 48. Rc3 Kg7 49. Kg3 Kg6 50. Rf3 f5 51. Kf4 Kf6 52. Rc3 Rb1 53. Rc6+ Kg7 54. Kxf5 Rxb3 55. Rc7+ Kg8 56. h5 Rb6 57. Rc8+ Kg7 58. Rc7+ Kg8 59. Rc8+ Kg7 60. Rc7+ Kg8 1/2-1/2

[Event "January 2 Early 2024"]
[Site "https://www.chess.com"]
[Date "2024.01.02"]
[Round "7"]
[White "Holt, Conrad"]
[Black "Souleidis, Georgios"]
[Result "1/2-1/2"]
[Board "46"]
[TimeControl "180+1"]
[WhiteFideId "2034387"]
[BlackFideId "4206827"]
[WhiteElo "2798"]
[BlackElo "2627"]
[WhiteTeam "USA"]
[BlackTeam "GRE"]
[WhiteClock "0:00:08"]
[BlackClock "0:00:12"]

1. d4 Nf6 2. c4 g6 3. Nc3 Bg7 4. e4 d6 5. Nf3 O-O 6. h3 Nbd7 7. Bg5 c5 8. d5 b5 9. cxb5 a6 10. Nd2 axb5 11. Bxb5 Nb6 12. O-O Ba6 13. a4 Bxb5 14. Nxb5 Qd7 15. Nc3 Rfb8 16. Qc2 Ne8 17. Rfb1 Nc7 18. Ra3 Na6 19. a5 Nb4 20. Qd1 Nc8 21. Nc4 Ra6 22. Qe2 Rba8 23. Bf4 R8a7 24. e5 Qf5 25. Bg3 Nxd5 26. Rd1 Nxc3 27. bxc3 Qe6 28. Qg4 d5 29. Rb3 Ra8 30. Nb6 Nxb6 31. Qxe6 fxe6 32. axb6 Rb8 33. b7 Ra7 34. Rdb1 Kf7 35. f4 Ke8 36. Bf2 Ra5 37. Rb5 Rxb5 38. Rxb5 Kd7 39. Bxc5 Kc6 40. Ba7 Rxb7 41. Rxb7 Kxb7 42. Bc5 Kc6 43. Bxe7 Kb5 44. Kf2 Kc4 45. Ke3 Kxc3 46. Bc5 Kc4 47. Ba7 Bf8 48. g4 Ba3 49. Kf3 d4 50. f5 gxf5 51. gxf5 exf5 52. Kf4 d3 53. Be3 Bc5 54. Bd2 Bb4 55. Be3 Bc5 56. Bd2 Bb4 57. Be3 d2 58. Bxd2 Bxd2+ 59. Kxf5 Kd5 60. e6 Bb4 61. Kf4 Kxe6 62. Kf3 Kf5 63. h4 Kg6 64. h5+ Kxh5 65. Kg2 Kg4 66. Kh1 Kh3 67. Kg1 Bd6 68. Kh1 Bc5 1/2-1/2

[Event "January 2 Early 2024"]
[Site "https://www.chess.com"]
[Date "2024.01.02"]
[Round "7"]
[White "Teterev, Vitaly"]
[Black "Haug, Havard"]
[Result "1-0"]
[Board "47"]
[TimeControl "180+1"]
[WhiteFideId "13501429"]
[BlackFideId "1547887"]
[WhiteElo "2606"]
[BlackElo "2786"]
[WhiteTeam "BLR"]
[BlackTeam "NOR"]
[WhiteClock "0:01:34"]
[BlackClock "0:00:58"]

1. e4 c6 2. d4 d5 3. exd5 cxd5 4. Bd3 Nc6 5. c3 Qc7 6. h3 g6 7. Nf3 Nf6 8. O-O Bg7 9. Re1 O-O 10. Be3 Bf5 11. Bf1 Rfe8 12. Qc1 Ne4 13. Bf4 Qd7 14. Nbd2 f6 15. Nxe4 dxe4 16. Nd2 e5 17. dxe5 Nxe5 18. Nxe4 Nd3 19. Bxd3 Qxd3 20. Nd6 Rxe1+ 21. Qxe1 Bd7 22. Qe7 Bf5 23. Qf7+ Kh8 24. Re1 h5 25. Ne8 Qd7 26. Re7 Qxe7 27. Qxe7 Rxe8 28. Qxe8+ Kh7 29. Qf7 Bb1 30. Bd6 g5 31. Bf8 Kh6 32. Qxg7# 1-0

[Event "January 2 Early 2024"]
[Site "https://www.chess.com"]
[Date "2024.01.02"]
[Round "7"]
[White "Anuj Shrivatri"]
[Black "Veljanoski, Andrej"]
[Result "0-1"]
[Board "48"]
[TimeControl "180+1"]
[WhiteFideId "35070924"]
[BlackFideId "15003604"]
[WhiteElo "2784"]
[BlackElo "2603"]
[WhiteTeam "IND"]
[BlackTeam "MKD"]
[WhiteClock "0:00:05"]
[BlackClock "0:00:08"]

1. e4 b6 2. d4 Bb7 3. Bd3 g6 4. Nf3 Bg7 5. c4 d6 6. Nc3 Nd7 7. a4 a5 8. Be3 e5 9. d5 Ne7 10. h4 h6 11. h5 g5 12. g4 O-O 13. Nd2 Nc5 14. Nf1 Kh8 15. Ng3 c6 16. f3 Qd7 17. Kf2 cxd5 18. cxd5 Rfc8 19. Bb5 Qd8 20. Qc2 f5 21. gxf5 Ng8 22. Rab1 Nf6 23. Qe2 Qe7 24. b4 axb4 25. Rxb4 Rg8 26. Bc6 Ba6 27. Bb5 Bb7 28. Bxc5 bxc5 29. Rbb1 g4 30. Bc4 gxf3 31. Qxf3 Bf8 32. Ke2 Rg4 33. Nf1 Bg7 34. Ne3 Rf4 35. Qg2 Rg8 36. Qg6 Bc8 37. Rhg1 Bf8 38. Rb8 Rxg6 39. Rxg6 Bd7 40. a5 Be8 41. Rxf6 Bxh5+ 42. Kd3 Qxf6 43. a6 Rf3 44. a7 Qg5 45. Nd1 Qg1 46. Rxf8+ Kh7 47. Kc2 Rf2+ 48. Nxf2 Qxf2+ 49. Kb1 Qe1+ 50. Kb2 Qd2+ 51. Nc2 Bd1 52. Bb3 c4 53. Rh8+ Kxh8 54. a8=Q+ Kg7 55. Qb7+ Kf6 56. Qb4 Qxb4 57. Nxb4 Bxb3 58. Kc3 h5 59. Na6 h4 60. Nc7 h3 61. Ne8+ Ke7 62. Ng7 h2 63. f6+ Kxf6 64. Nh5+ Kg5 65. Ng3 Kf4 0-1

[Event "January 2 Early 2024"]
[Site "https://www.chess.com"]
[Date "2024.01.02"]
[Round "7"]
[White "Aswath, S"]
[Black "Hammer, Jon Ludvig"]
[Result "1-0"]
[Board "49"]
[TimeControl "180+1"]
[WhiteFideId "46694919"]
[BlackFideId "1503707"]
[WhiteElo "2600"]
[BlackElo "2769"]
[WhiteTeam "IND"]
[BlackTeam "NOR"]
[WhiteClock "0:01:48"]
[BlackClock "0:00:00"]

1. c4 e5 2. g3 c6 3. Bg2 d5 4. cxd5 cxd5 5. Nf3 Nc6 6. d3 Bb4+ 7. Bd2 Bxd2+ 8. Qxd2 Nge7 9. O-O O-O 10. b4 a6 11. Qb2 Qd6 12. Nbd2 f6 13. Rab1 Be6 14. a4 g5 15. Rfc1 g4 16. Nh4 f5 17. Nb3 b6 18. a5 bxa5 19. bxa5 Rfb8 20. Qc3 Rb5 21. Nc5 Nd4 22. Bf1 Rxb1 23. Rxb1 Rc8 24. Nb7 Rxc3 25. Nxd6 Ra3 26. e3 Nf3+ 27. Nxf3 gxf3 28. Rb6 Rxa5 29. Nb7 Rb5 30. Rxe6 Rxb7 31. Rxe5 a5 32. e4 a4 33. exd5 a3 34. d6 a2 35. Ra5 Nc6 36. Rxa2 Kf7 37. Rc2 Nd4 38. Rc7+ Rxc7 39. dxc7 1-0